 Dungeon Crawl Stone Soup version 0.25-a0-1036-g6f112fb28d (webtiles) character file.

Game seed: 4029378965261513058, levelgen mode: deterministic

16752 Barylka the Geomancer (level 12, -7/72 HPs)
             Began as a Gargoyle Earth Elementalist on May 13, 2020.
             Was a High Priest of Vehumet.
             Mangled by a very large slime creature (49 damage)
             ... on level 12 of the Dungeon.
             The game lasted 00:35:14 (14335 turns).

Barylka the Geomancer (GrEE)                       Turns: 14335, Time: 00:35:14

Health: -7/72      AC: 26    Str: 12    XL:     12   Next: 40%
Magic:  21/32      EV: 14    Int: 21    God:    Vehumet [*****.]
Gold:   935        SH:  0    Dex: 10    Spells: 14/26 levels left

rFire    + + +     SeeInvis +   c - +3 Elemental Staff {rElec rF++ rC++ MR++ AC+5}
rCold    + + .     Gourm    .   (no shield)
rNeg     + . .     Faith    .   F - +2 robe {rF+}
rPois    ∞         Spirit   .   e - +2 hat
rElec    +         Reflect  .   g - +2 cloak
rCorr    .         Harm     .   (no gloves)
MR       ++...                  I - +2 pair of boots
Stlth    ++........             (no amulet)
HPRegen  0.22/turn              q - ring of see invisible
MPRegen  0.23/turn              B - ring of magical power

@: barbed spikes
A: horns 1, blurry vision 1, negative energy resistance 1, electricity
resistance, wild magic 1, unbreathing, petrification resistance, rot immunity,
MP-powered wands, AC +8
a: Renounce Religion


You were on level 12 of the Dungeon.
You worshipped Vehumet.
Vehumet was extremely pleased with you.
You were not hungry.

You visited 2 branches of the dungeon, and saw 13 of its levels.
You also visited: Sewer and Bailey.

You collected 935 gold pieces.

Inventory:

Hand Weapons
 c - the +3 Elemental Staff (weapon) {rElec rF++ rC++ MR++ AC+5}
   (You acquired it on level 11 of the Dungeon)

   It affects your AC (+5).
   It greatly protects you from fire.
   It greatly protects you from cold.
   It insulates you from electricity.
   It affects your resistance to hostile enchantments.
 u - a +5 dagger of protection
 v - a +1 morningstar
 H - a +1 flail of holy wrath
 P - a +5 vorpal flail
Missiles
 a - 4 throwing nets
 b - 62 stones (quivered)
Armour
 e - a +2 hat (worn)
 g - a +2 cloak (worn)
 F - a +2 robe of fire resistance (worn)
 I - a +2 pair of boots (worn)
Magical Staves
 w - a cursed staff of death {unknown}
Jewellery
 q - a ring of see invisible (left hand)
 A - an uncursed ring of fire
 B - a ring of magical power (right hand)
Wands
 i - a wand of random effects (4)
 n - a wand of flame (15)
 G - a wand of enslavement (8)
 L - a wand of paralysis (7)
 Q - a wand of clouds (2)
Scrolls
 h - 7 scrolls of remove curse
 k - 6 scrolls of teleportation
 m - 3 scrolls of magic mapping
 r - 5 scrolls of amnesia
 t - a scroll of fog
 y - 3 scrolls of fear
 D - 3 scrolls of enchant armour
 E - a scroll of silence {unknown}
 N - a scroll of immolation
Potions
 f - a potion of mutation
 j - 11 potions of curing
 l - 5 potions of might
 p - 2 potions of lignification
 s - a potion of stabbing
 x - 2 potions of heal wounds
 z - 2 potions of magic
 C - 7 potions of flight
 J - a potion of resistance {unknown}
 K - a potion of brilliance {unknown}
 M - a potion of invisibility {unknown}
 O - a potion of ambrosia {unknown}
Comestibles
 d - 28 rations
 o - 6 chunks of flesh


   Skills:
 + Level 7.4 Fighting
 - Level 6.1(6.2) Maces & Flails
 + Level 2.0(4.3) Staves
 - Level 6.0 Armour
 + Level 5.9 Dodging
 - Level 2.1 Stealth
 + Level 7.7 Spellcasting
 + Level 8.5 Conjurations
   Level 0.7 Transmutations
 + Level 10.3 Earth Magic
 + Level 5.9 Evocations


You had 14 spell levels left.
You knew the following spells:

 Your Spells              Type           Power        Failure   Level  Hunger
a - Sandblast             Erth           ######       1%          1    None
b - Stone Arrow           Conj/Erth      ######       1%          3    None
c - Lee's Rapid Deconstr  Erth           #######...   1%          5    #####..
d - Mephitic Cloud        Conj/Pois/Air  #####...     3%          3    None

Your spell library contained the following spells:

 Spells                   Type           Power        Failure   Level  Hunger
 Iskenderun's Mystic Bla  Conj/Tloc      ####....     5%          4    ###....
 Passwall                 Tmut/Erth      ######..     2%          2    None
 Ignite Poison            Fire/Tmut/Pois ###.....     9%          3    None
 Sting                    Tmut/Pois      ##..         11%         1    None
 Petrify                  Tmut/Erth      ######..     13%         4    ###....
 Poisonous Vapours        Pois/Air       ###...       17%         2    None
 Olgreb's Toxic Radiance  Pois           ##......     26%         4    ###....
 Yara's Violent Unravell  Hex/Tmut       ##........   50%         5    #####..
 Cause Fear               Hex            ##........   71%         4    ###....
 Silence                  Hex/Air        ###.......   95%         5    #####..
 Discord                  Hex            ##........   100%        8    #######


Dungeon Overview and Level Annotations

Branches:
Dungeon (12/15)            Temple (1/1) D:4            Lair (0/6) D:10
    Orc (0/2) D:11          Sewer (visited)          Bailey (visited)

Altars:
Ashenzari
Cheibriados
Dithmenos
Elyvilon
Fedhas
Gozag
Hepliaklqana
Kikubaaqudgha
Makhleb
Nemelex Xobeh
Okawaru
Qazlal
Ru
Sif Muna
Trog
Uskayaw
Vehumet
Wu Jian
Xom
Yredelemnul
Zin
The Shining One

Shops:
D:6 [   D:12 =

Annotations:
D:3 1 runed translucent door
D:8 3 runed translucent doors, P0WERM0DE's ghost, novice DsAK
D:9 3 runed translucent doors, Conn's ghost, novice OpWz


Innate Abilities, Weirdness & Mutations

You are resistant to torment.
Your stone body is resilient. (AC +8)
You are immune to poison.
You resist negative energy. (rN+)
You are resistant to electric shocks. (rElec)
You can survive without breathing.
You are immune to petrification.
You are immune to rotting.
You have a pair of small horns on your head.
Scrolls take you a little longer to read.
Your spells are a little harder to cast, but a little more powerful.
You expend magic power (3 MP) to strengthen your wands.


Message History

Vehumet accepts your kill.
You feel your power returning.
You feel a bit more experienced.
You hear a screech!
You hear an angry hiss.
Unknown command.
Unknown command.
Casting: Lee's Rapid Deconstruction (dangerous; 1% risk of failure)
Confirm with . or Enter, or press ? or * to list all spells.
Aiming: Lee's Rapid Deconstruction (dangerous; 1% risk of failure)
Press: ? - help, Dir - move target cursor A rock wall.
You feel a surge of power!
The wall shatters!
The blast of rock fragments hits the manticore!!!
You kill the manticore!
Vehumet accepts your kill.
Your base Staves skill increases to level 2!
The blast of rock fragments hits the very large slime creature!!
The very large slime creature is heavily wounded.
The very large slime creature hits you!!!
Ouch! That really hurt!
You die...

..###....#.. .#..#...☼#.#
#....#.Y§#.#
#.....##J#H#.###H
......)..........
..##.#.##....... ##
#.#..##.##### ...# #..J.#
.# #...# #..@.##.# #...# #
#.......# #...# ...
###..##########...##
.....####..#####..........
.................>........
.....#.##.##.###..........
... #. #..#.# ######...##
# #. ##.#.# #...# #. .#.#
#(..#


You could see a very large slime creature and a slime creature.

Vanquished Creatures
  A stone giant (D:11)
  Harold (D:7)
  An unseen horror (D:12)
  A lindwurm (Bailey)
  A necromancer (D:10)
  A wizard (D:11)
  Pikel (D:7)
  2 cyclopes
  A manticore (D:12)
  A gargoyle (D:11)
  Psyche (D:8)
  2 komodo dragons (D:10)
  A queen bee (D:9)
  3 trolls
  Prince Ribbit (D:7)
  A hornet (D:9)
  3 hippogriffs
  14 yaks
  A wyvern (D:10)
  A hungry ghost (D:8)
  A fire bat (D:7)
  2 steam dragons (D:10)
  A warg (D:10)
  A soldier ant (D:12)
  A swamp drake (D:11)
  2 sky beasts
  7 ogres
  2 orc warriors (D:11)
  A black bear (D:7)
  An ice beast (D:8)
  4 centaurs
  2 crocodiles
  4 necrophages
  2 big kobolds
  A gnoll sergeant (D:5)
  2 bullfrogs
  A wyvern zombie (D:8)
  3 scorpions
  16 killer bees
  8 wights
  8 crimson imps
  3 centaur zombies (D:9)
  A bullfrog zombie (D:9)
  2 hounds
  7 orc priests
  3 jellies
  9 orc wizards
  3 centaur skeletons
  2 gnoll shamans
  3 iguanas
  5 worker ants
  3 polar bear simulacra (D:10)
  2 yak simulacra (D:10)
  3 wolf simulacra (D:10)
  A hound skeleton (D:10)
  The ghost of M4edhros the Sneak, a weakling OpAr (D:3)
  Robin (D:2)
  15 adders
  11 gnolls
  A howler monkey skeleton (D:3)
  A shadow imp (D:6)
  3 oozes
  An adder zombie (D:8)
  6 worms
  4 dart slugs (D:2)
  8 leopard geckos
  51 orcs
  3 ball pythons
  5 giant cockroaches
  23 goblins
  9 hobgoblins
  11 jackals
  4 quokkas
  6 bats
  14 frilled lizards
  18 kobolds
  A leopard gecko zombie (D:9)
  A quokka skeleton (D:8)
  11 rats
  3 river rat simulacra (D:10)
368 creatures vanquished.

Vanquished Creatures (collateral kills)
  3 kobolds (Bailey)
3 creatures vanquished.

Vanquished Creatures (others)
  A worker ant (D:10)
  2 goblins (Bailey)
  A kobold (Bailey)
  2 bushes (D:9)
  7 plants (D:9)
13 creatures vanquished.

Grand Total: 384 creatures vanquished

Notes
Turn   | Place    | Note
-------+----------+-------------------------------------------
     0 | D:1      | Barylka the Gargoyle Earth Elementalist began the quest for
                  | the Orb.
     0 | D:1      | Reached XP level 1. HP: 10/10 MP: 3/3
   143 | D:1      | Reached XP level 2. HP: 3/15 MP: 0/5
   380 | D:2      | Reached skill level 4 in Earth Magic
   507 | D:2      | Found an ancient bone altar of Kikubaaqudgha.
   600 | D:2      | Reached XP level 3. HP: 19/19 MP: 2/6
   605 | D:2      | Learned a level 3 spell: Stone Arrow
   818 | D:2      | Noticed Robin
   822 | D:2      | Killed Robin
   822 | D:2      | Reached skill level 1 in Conjurations
   838 | D:2      | Reached XP level 4. HP: 24/24 MP: 5/8
  1059 | D:2      | Found a bloodstained altar of Trog.
  1062 | D:2      | Found a basalt altar of Yredelemnul.
  1975 | D:1      | Reached skill level 5 in Earth Magic
  2276 | D:2      | Reached XP level 5. HP: 24/28 MP: 2/9
  2432 | D:3      | Learned a level 5 spell: Lee's Rapid Deconstruction
  2455 | D:3      | Found a runed translucent door.
  2471 | D:3      | Noticed M4edhros's ghost (weakling OpAr)
  2488 | D:3      | Reached XP level 6. HP: 32/32 MP: 7/11
  2984 | D:3      | Found a runed translucent door.
  3029 | D:3      | Killed M4edhros's ghost
  3094 | D:3      | Found a burning altar of Makhleb.
  3104 | D:3      | Reached skill level 6 in Earth Magic
  3278 | D:3      | Found a shadowy altar of Dithmenos.
  3420 | D:4      | Reached XP level 7. HP: 36/36 MP: 7/13
  3741 | D:4      | Found a staircase to the Ecumenical Temple.
  3759 | Temple   | Entered the Ecumenical Temple
  4477 | D:5      | Entered Level 5 of the Dungeon
  4635 | D:5      | Reached skill level 1 in Fighting
  4635 | D:5      | Reached skill level 1 in Maces & Flails
  4635 | D:5      | Reached skill level 1 in Armour
  4635 | D:5      | Reached XP level 8. HP: 43/43 MP: 13/15
  4654 | D:5      | Found an opulent altar of Gozag.
  4654 | D:5      | Found a hide-covered altar of Uskayaw.
  4831 | D:5      | Reached skill level 1 in Evocations
  5190 | D:5      | Found a glowing drain.
  5199 | Sewer    | Entered a sewer
  5585 | D:6      | Reached skill level 7 in Earth Magic
  5800 | D:6      | Found Curaotox's Armour Shoppe.
  5990 | D:6      | Reached skill level 5 in Spellcasting
  6073 | D:6      | Found a glowing golden altar of the Shining One.
  6139 | D:7      | Reached skill level 5 in Conjurations
  6298 | D:7      | Noticed Prince Ribbit
  6319 | D:7      | Killed Prince Ribbit
  6319 | D:7      | Reached XP level 9. HP: 44/49 MP: 1/16
  6589 | D:7      | Found a basalt altar of Yredelemnul.
  6615 | D:7      | Noticed Harold
  6625 | D:7      | Killed Harold
  6634 | D:7      | Noticed Pikel
  7048 | D:7      | Killed Pikel
  7048 | D:7      | Reached skill level 8 in Earth Magic
  7317 | D:7      | Gained mutation: Your spells are a little harder to cast,
                  | but a little more powerful. [potion of mutation]
  7317 | D:7      | Gained mutation: You expend magic power (3 MP) to
                  | strengthen your wands. [potion of mutation]
  7317 | D:7      | Gained mutation: Scrolls take you a little longer to read.
                  | [potion of mutation]
  7317 | D:7      | Gained mutation: You have a pair of small horns on your
                  | head. [potion of mutation]
  7346 | D:7      | Found a radiant altar of Vehumet.
  7355 | D:7      | Became a worshipper of Vehumet
  7463 | D:8      | Reached XP level 10. HP: 47/57 MP: 11/18
  7521 | D:8      | Found a runed translucent gate.
  7524 | D:8      | Found a runed translucent gate.
  7527 | D:8      | Found a runed translucent gate.
  7528 | D:8      | Noticed P0WERM0DE's ghost (novice DsAK)
  7644 | D:8      | Learned a level 3 spell: Mephitic Cloud
  7647 | D:8      | Noticed Psyche
  7680 | D:8      | Killed Psyche
  8656 | D:9      | Reached skill level 5 in Fighting
  8695 | D:8      | Reached * piety under Vehumet
  8695 | D:8      | Offered knowledge of Freeze by Vehumet.
  9153 | D:9      | Reached skill level 5 in Armour
  9263 | D:9      | Found a runed translucent gate.
  9263 | D:9      | Noticed Conn's ghost (novice OpWz)
  9273 | D:9      | Found a runed translucent gate.
  9273 | D:9      | Found a runed translucent gate.
  9304 | D:9      | Found a blossoming altar of Fedhas.
  9382 | D:9      | Found a stormy altar of Qazlal.
  9732 | D:9      | Found a shimmering altar of Xom.
  9733 | D:9      | Found a hazy altar of Hepliaklqana.
  9734 | D:9      | Noticed a spectral ugly thing
  9988 | D:9      | Reached skill level 9 in Earth Magic
 10023 | D:9      | Reached XP level 11. HP: 64/64 MP: 20/20
 10079 | D:10     | Entered Level 10 of the Dungeon
 10088 | D:10     | Reached ** piety under Vehumet
 10088 | D:10     | Offered knowledge of Magic Dart by Vehumet.
 10186 | D:10     | Found a flagged portal.
 10211 | Bailey   | Entered a bailey
 10219 | Bailey   | Noticed an orc knight
 10473 | Bailey   | Offered knowledge of Static Discharge by Vehumet.
 10528 | Bailey   | Noticed a lindwurm
 10528 | Bailey   | an orc knight changed into a lindwurm
 10535 | Bailey   | Killed a lindwurm
 10535 | Bailey   | Reached skill level 5 in Maces & Flails
 11047 | D:10     | Reached *** piety under Vehumet
 11248 | D:10     | Noticed a necromancer
 11264 | D:10     | Killed a necromancer
 11591 | D:10     | Offered knowledge of Airstrike by Vehumet.
 11679 | D:10     | Reached skill level 5 in Dodging
 12269 | D:10     | Reached **** piety under Vehumet
 12269 | D:10     | Reached skill level 5 in Evocations
 12355 | D:10     | Found a staircase to the Lair.
 12603 | D:11     | Offered knowledge of Iskenderun's Mystic Blast by Vehumet.
 12875 | D:11     | Found a staircase to the Orcish Mines.
 13026 | D:11     | Noticed a cyclops
 13037 | D:11     | Killed a cyclops
 13255 | D:11     | Reached XP level 12. HP: 71/71 MP: 21/23
 13495 | D:11     | Identified a scroll of acquirement
 13495 | D:11     | Found the +3 Elemental Staff {rElec rF++ rC++ MR++ AC+5}
 13590 | D:11     | Noticed a stone giant
 13602 | D:11     | Killed a stone giant
 13602 | D:11     | Reached skill level 1 in Staves
 13602 | D:11     | Reached skill level 10 in Earth Magic
 14210 | D:12     | Found Ciamyatz's Jewellery Boutique.
 14335 | D:12     | Reached ***** piety under Vehumet
 14335 | D:12     | Mangled by a very large slime creature

Illustrated notes

Levels and vault maps discovered:
D:1:      saegor_arrival_simple_d, layout_loops_ring,
          ebering_dispersal_statue_hall
D:2:      layout_loops_ring, bloody_trog, lemuel_doored_altar, first_ration,
          yredelemnul_altar_generic, uniq_robin
D:3:      layout_rooms, old_standard_altar, ebering_ghost_sewer_f,
          minmay_misc_feat_iff, grunt_dithmenos_smoke_and_mirrors
D:4:      layout_loops_ring, minmay_temple_entry_gardened_gates,
          kennysheep_doodads
D:5:      layout_loops_cross, gammafunk_temple_overflow_wave,
          portal_sewer_entry_a, kennysheep_donut, minmay_misc_feat_roman,
          minmay_misc_feat_columns, lightli_minifort
D:6:      layout_rooms, kennysheep_little_box, serial_shops, shop_coins
D:7:      layout_loops_ring, lemuel_round_altar, lemuel_round_altar,
          uniq_harold, uniq_prince_ribbit1, uniq_pikel
D:8:      layout_basic, gammafunk_ghost_spectres, uniq_psyche
D:9:      layout_basic, regret_index_temple_of_mockery,
          fedhas_altar_decomposition, grunt_qazlal_clouds,
          ebering_ghost_rock_garden, david_nohive_1, grunt_decor_cap,
          kennysheep_generic_room_15
D:10:     layout_roguey, erik_lair_dragon, enter_bailey_3,
          eino_house_with_fridge
D:11:     layout_roguey, erik_orc_1, minmay_three_doors
D:12:     layout_loops_cross, minmay_misc_feat_chi, minmay_stone_trees_small,
          drop_trap, minmay_shop_enchanted_jewellery
Temple:   eino_wide_crystal_templ

Skill      XL: |  1  2  3  4  5  6  7  8  9 10 11 12 |
---------------+-------------------------------------+-----
Earth Magic    | 4 5 6 7 8 9 10 | 10.3
Conjurations   | 1 2 4 5 6 7 8 |  8.5
Spellcasting   | 3 4 5 6 7 |  7.7
Dodging        | 2 3 4 5 |  5.9
Fighting       | 1 2 4 5 6 7 |  7.4
Maces & Flails | 1 2 3 4 6 |  6.1
Armour         | 1 2 4 5 6 |  6.0
Evocations     | 2 3 4 5 |  5.9
Staves         | 2 |  2.0
Stealth        | |  2.1
Transmutations | |  0.7

Action                   |  1- 3 |  4- 6 |  7- 9 | 10-12 || total
-------------------------+-------+-------+-------+-------++-------
Melee: Unarmed           |     3 |       |       |       ||     3
       Dagger            |    11 |   116 |   195 |   277 ||   599
       Mace              |    24 |   137 |       |       ||   161
       Headbutt          |       |       |       |    50 ||    50
       Flail             |       |       |       |    66 ||    66
       Staff             |       |       |       |    72 ||    72
 Cast: Sandblast         |    24 |    42 |    78 |   134 ||   278
       Stone Arrow       |       |     1 |       |    11 ||    12
       Lee's Rapid Decon |       |       |     6 |    29 ||    35
Evoke: Wand              |       |     7 |     3 |    20 ||    30
  Use: Scroll            |     3 |     7 |    10 |     7 ||    27
       Potion            |       |     1 |     2 |     1 ||     4
 Stab: Sleeping          |       |     6 |     2 |     5 ||    13
  Eat: Chunk             |       |     9 |    12 |    26 ||    47
       Ration            |       |       |     1 |     1 ||     2
Armor: Robe              |    20 |   130 |   121 |   305 ||   576
Dodge: Dodged            |    52 |   203 |   139 |   374 ||   768

Table legend:
 A = Non-vault XP
 B = Vault XP
 C = Vault XP percentage of total XP
 D = Non-vault monster count
 E = Vault monster count
 F = Vault count percentage of total count
                 A         B        C        D         E       F
            +---------+---------+-------+---------+---------+-------
      Total |   13669 |   10263 |  42.9 |     249 |     122 |  32.9
            +---------+---------+-------+---------+---------+-------
        D:1 |      47 |       0 |   0.0 |      25 |       0 |   0.0
        D:2 |      99 |      36 |  26.7 |      24 |      12 |  33.3
        D:3 |     304 |      33 |   9.8 |      37 |       3 |   7.5
        D:4 |     529 |       0 |   0.0 |      14 |       0 |   0.0
        D:5 |     173 |     138 |  44.4 |       4 |       8 |  66.7
        D:6 |     316 |       0 |   0.0 |      10 |       0 |   0.0
        D:7 |     960 |    1866 |  66.0 |      25 |       3 |  10.7
        D:8 |    1384 |     424 |  23.5 |      19 |       1 |   5.0
        D:9 |    1231 |    1775 |  59.0 |      17 |      25 |  59.5
       D:10 |    2809 |    2023 |  41.9 |      35 |      20 |  36.4
       D:11 |    3366 |    3008 |  47.2 |      27 |      20 |  42.6
       D:12 |    2451 |       0 |   0.0 |      12 |       0 |   0.0
      Sewer |       0 |      18 | 100.0 |       0 |       6 | 100.0
     Bailey |       0 |     942 | 100.0 |       0 |      24 | 100.0
            +---------+---------+-------+---------+---------+-------
